 Dungeon Crawl Stone Soup version 0.30-a0-1074-g5db6f66fbb (webtiles) character file.

Game seed: 6358342821988423997

994 CrazyBamboolord the Covert (level 7, 0/54 HPs)
             Began as a Spriggan Brigand on Apr 14, 2023.
             Was an Initiate of Hepliaklqana.
             Shot with an arrow by a centaur (2 damage)
             ... on level 6 of the Dungeon.
             The game lasted 00:13:33 (5153 turns).

CrazyBamboolord the Covert (Spriggan Brigand)       Turns: 5153, Time: 00:13:34

Health: 0/54       AC: 27    Str:  7    XL:     7   Next: 99%
Magic:  9/9        EV:  4    Int: 13    God:    Hepliaklqana [......]
Gold:   314        SH:  0    Dex: 18    Spells: 6/6 levels left

rFire   . . .      SeeInvis +    o - +6 dagger
rCold   . . .      Faith    .    (no shield)
rNeg    . . .      Spirit   .    b - melded +0 robe
rPois   +          Reflect  .    (helmet currently unavailable)
rElec   .          Rampage  .    c - melded +0 cloak
rCorr   .          NoTele   +    (gloves unavailable)
Will    +....                    (boots unavailable)
Stlth   +++++                    (no amulet)
HPRegen 0.29/turn                u - +4 ring of protection
MPRegen 0.11/turn                (no ring)

@: lethally poisoned (0 -> -1), tree-form
A: stationary, stasis, torment immunity, boosted hp, very small, no large
weapons, unfitting armour, see invisible, (speed 3)
a: Renounce Religion


You were on level 6 of the Dungeon.
You worshipped Hepliaklqana.
Hepliaklqana was noncommittal.
You were a tree.
You visited 2 branches of the dungeon, and saw 7 of its levels.

You collected 314 gold pieces.

Inventory:

Hand Weapons
 o - a +6 dagger (weapon)
Missiles
 d - 11 poisoned darts
 e - a curare-tipped dart (quivered)
 w - a throwing net
Armour
 b - a +0 robe (melded)
 c - a +0 cloak (melded)
Jewellery
 u - a +4 ring of protection (left branch)
Wands
 r - a wand of flame (18)
Scrolls
 a - a scroll of blinking {unknown}
 i - 3 scrolls of vulnerability
 k - a scroll of magic mapping
 l - a scroll of noise {unknown}
 n - 4 scrolls of identify {unknown}
 p - a scroll of enchant armour {unknown}
 s - 2 scrolls of enchant weapon {unknown}
 t - a scroll of poison {unknown}
 v - a scroll of immolation {unknown}
 y - a scroll of amnesia {unknown}
Potions
 f - a potion of magic
 g - 2 potions of curing {unknown}
 h - a potion of heal wounds {unknown}
 j - a potion of berserk rage {unknown}
 m - 4 potions of lignification
 q - a potion of flight {unknown}
 x - 2 potions of brilliance {unknown}
 z - a potion of might {unknown}


   Skills:
 * Level 3.0 Fighting
 * Level 4.8 Short Blades
 * Level 3.9 Throwing
 * Level 4.2 Dodging
 * Level 10.0 Stealth
 * Level 1.7 Invocations
 * Level 2.7 Evocations


You had 6 spell levels left.
You didn't know any spells.
Your spell library contained the following spells:

 Spells                   Type           Power      Damage    Failure   Level
 Magic Dart               Conj           0%         1d3       30%         1
 Sting                    Tmut/Pois      0%         1d3       30%         1
 Blink                    Tloc           0%         N/A       43%         2
 Call Imp                 Summ           0%         N/A       43%         2
 Lesser Beckoning         Tloc           0%         N/A       43%         2
 Momentum Strike          Conj/Tloc      0%         3d8       43%         2
 Poisonous Vapours        Pois/Air       0%         N/A       43%         2
 Ignite Poison            Fire/Tmut/Pois 0%         N/A       67%         3
 Mephitic Cloud           Conj/Pois/Air  0%         N/A       67%         3
 Olgreb's Toxic Radiance  Pois           0%         N/A       97%         4
 Sticky Flame             Conj/Fire      0%         2d3       97%         4
 Discord                  Hex            0%         N/A       100%        8
 Ignition                 Fire           0%         3d3       100%        8


Dungeon Overview and Level Annotations

Branches:
Dungeon (6/15)             Temple (1/1) D:4

Altars:
Dithmenos
Elyvilon
Fedhas
Gozag
Hepliaklqana
Kikubaaqudgha
Makhleb
Nemelex Xobeh
Okawaru
Qazlal
Ru
Sif Muna
Trog
Uskayaw
Vehumet
Xom
Yredelemnul
Zin
The Shining One

Shops:
D:1 (   D:2 :


Innate Abilities, Weirdness & Mutations

You are a tree.
Your roots penetrate the ground, keeping you stationary.
You cannot be teleported.
You are immune to unholy pain and torment.
Your maximum health is greatly increased.
Your equipment is partially melded.
You are very small and have problems with some larger weapons.
You are too small for most types of armour.
You have supernaturally acute eyesight. (SInv)
((You cover ground extremely quickly. (Speed+++)))


Message History

* * * LOW HITPOINT WARNING * * *
You feel sick.
The centaur shoots an arrow.
The arrow hits you but does no damage.
The orc zaps a wand.
Some rock shatters into small pieces.
Throw: 12 darts (poison)
Press: ? - help, Q - select action, (/) - cycle Shift-Dir - straight line, f/p - centaur
Aim: a centaur, wielding a +0 shortbow (lightly wounded, very poisoned, 73% to hit)
You throw a poisoned dart.
The poisoned dart closely misses the centaur.
The poisoned dart closely misses the orc. x3
You feel sick.
The centaur shoots an arrow.
The arrow hits you but does no damage.
You cannot move.
Unknown command.
Throw: 3 darts (curare)
Press: ? - help, Q - select action, (/) - cycle Shift-Dir - straight line, f/p - centaur
Aim: a centaur, wielding a +0 shortbow (lightly wounded, very poisoned, 73% to hit)
You throw a curare-tipped dart.
The curare-tipped dart barely misses the centaur.
The curare-tipped dart hits the orc.
The orc is poisoned.
The orc convulses.
You kill the orc!
You feel sick.
Throw: 2 darts (curare)
Press: ? - help, Q - select action, (/) - cycle Shift-Dir - straight line, f/p - centaur
Aim: a centaur, wielding a +0 shortbow (lightly wounded, very poisoned, 73% to hit)
You throw a curare-tipped dart.
The curare-tipped dart hits the centaur.
The centaur looks as sick as possible!
The centaur convulses.
The centaur seems to slow down.
The centaur is heavily wounded.
You feel sick.
The centaur shoots an arrow.
The arrow hits you but does no damage.
You feel sick.
The centaur shoots an arrow.
The arrow hits you.
* * * LOW HITPOINT WARNING * * *
Unknown command.
It was a potion of magic.
Magic courses through your body.
* * * LOW HITPOINT WARNING * * *
You feel sick.
The orc zaps a wand.
Some rock shatters into small pieces.
The centaur shoots an arrow.
The arrow hits you.
You die...

###.# #...........
#.# #(..........
## #...........
#.#.........
.o#.........
#o####### #c. #.#
#♣# #.# #.# #.#
################.#
.................#
##################


You could see a centaur (extremely poisoned, slow) and 2 orcs.

Vanquished Creatures
  A water moccasin (D:6)
  An ogre (D:5)
  3 scorpions (D:5)
  2 jellies
  2 hounds
  An orc priest (D:5)
  3 iguanas (D:5)
  A gnoll bouda (D:5)
  An orc wizard (D:4)
  Natasha (thrice) (D:3)
  8 adders
  8 gnolls
  A shadow imp (D:6)
  An ufetubus (D:4)
  2 dart slugs
  12 orcs
  7 bats
  6 endoplasms
  3 giant cockroaches
  9 goblins
  8 hobgoblins
  7 jackals
  5 kobolds
  3 quokkas
  4 ball pythons
  A frilled lizard (D:3)
  7 rats
110 creatures vanquished.

Notes
Turn   | Place    | Note
-------+----------+-------------------------------------------
     0 | D:1      | CrazyBamboolord the Spriggan Brigand began the quest for
                  | the Orb.
     0 | D:1      | Reached XP level 1. HP: 10/10 MP: 2/2
    17 | D:1      | Reached skill level 6 in Stealth
    92 | D:1      | Reached XP level 2. HP: 14/14 MP: 3/3
   311 | D:1      | Found Enysuel's Weapon Emporium.
   563 | D:1      | Reached XP level 3. HP: 18/18 MP: 4/4
  1098 | D:2      | Reached skill level 7 in Stealth
  1456 | D:2      | Reached XP level 4. HP: 22/23 MP: 5/5
  1607 | D:2      | Found Xereple's Book Shoppe.
  2186 | D:3      | Noticed Natasha
  2190 | D:3      | Killed Natasha
  2292 | D:3      | Noticed Natasha
  2307 | D:3      | Killed Natasha
  2308 | D:3      | Reached skill level 8 in Stealth
  2308 | D:3      | Reached XP level 5. HP: 15/26 MP: 6/6
  2486 | D:3      | Identified the +8 short sword of Coqyefe {pain, rC+ Int+3
                  | Stlth+}
  2708 | D:3      | Noticed Natasha
  2722 | D:3      | Killed Natasha
  3167 | D:4      | Found an ancient bone altar of Kikubaaqudgha.
  3330 | D:4      | Found a staircase to the Ecumenical Temple.
  3404 | D:4      | Reached XP level 6. HP: 30/30 MP: 7/7
  3425 | D:4      | Reached skill level 9 in Stealth
  3455 | D:4      | Reached skill level 1 in Evocations
  3596 | Temple   | Entered the Ecumenical Temple
  3787 | Temple   | Became a worshipper of Hepliaklqana the Forgotten
  3834 | D:5      | Entered Level 5 of the Dungeon
  4353 | D:5      | Reached XP level 7. HP: 35/35 MP: 8/8
  4365 | D:5      | Reached skill level 1 in Invocations
  4984 | D:5      | Found a sacrificial altar of Ru.
  5145 | D:6      | Reached skill level 10 in Stealth
  5153 | D:6      | HP: 2/54 [poisoned by a water moccasin]
  5153 | D:6      | Shot with an arrow by a centaur

Illustrated notes

Levels and vault maps discovered:
D:1:      onia_arrival_handbag, layout_basic, serial_shops,
          nicolae_shop_bloodbath_and_beyond, chequers_jeans,
          minmay_misc_feat_tower, chequers_serial_rivers_small_a,
          minmay_misc_feat_diagonals
D:2:      layout_basic, serial_shops, shop
D:3:      layout_basic, st_stairs_12, uniq_natasha
D:4:      layout_rooms, mainiacjoe_overflow_cross_hatched,
          minmay_temple_entry_enclosed_plants, item_on_display_a
D:5:      layout_gridville, mainiacjoe_overflow_six_doors_small,
          minmay_stone_trees_small, hellmonk_bongcloud_opening,
          grunt_ministairs_15, minmay_curled_crystal, minivault_11,
          kennysheep_small_spiral
D:6:      layout_basic, serial_glass, glass_columns_c, glass_columns_c,
          glass_columns_a, glass_columns_c, glass_columns_a, glass_columns_b
Temple:   nicolae_temple_bog_church

Skill      XL: |  1  2  3  4  5  6  7 |
---------------+----------------------+-----
Stealth        | 6 7 8 9 10 | 10.0
Fighting       | 2 3 |  3.0
Dodging        | 2 3 4 |  4.2
Short Blades   | 3 4 |  4.8
Evocations     | 1 2 |  2.7
Throwing       | 3 |  3.9
Invocations    | 1 |  1.7

Action                     |  1- 3 |  4- 6 |  7- 9 || total
---------------------------+-------+-------+-------++-------
  Melee: Dagger            |   113 |   159 |    53 ||   325
         Punch             |       |     4 |       ||     4
  Throw: Dart              |    11 |    34 |    12 ||    57
    Use: Scroll            |       |     2 |       ||     2
         Potion            |       |       |     2 ||     2
   Stab: Sleeping          |    17 |    17 |     5 ||    39
         Distracted        |     1 |       |       ||     1
 Armour: Robe              |    11 |    14 |     7 ||    32
         Skin              |       |       |     4 ||     4
  Dodge: Dodged            |    75 |   110 |    29 ||   214

Table legend: (Time is in decaauts)
 A = Elapsed time spent in this place.
 B = Non-inter-level travel time spent in this place.
 C = Inter-level travel time spent in this place.
 D = Time resting spent in this place.
 E = Time spent auto-exploring this place.
 F = Levels seen in this place.
 G = Mean time per level.
                   A        B        C        D        E       F      G
               +--------+--------+--------+--------+--------+-----+--------+
         Total |   3452 |   3316 |    136 |     97 |   2397 |   7 |  493.1 |
       Dungeon |   3315 |   3204 |    111 |     97 |   2297 |   6 |  552.5 |
        Temple |    137 |    112 |     25 |      0 |     99 |   1 |  137.0 |
               +--------+--------+--------+--------+--------+-----+--------+

Top non-repeatable levels by time:
     D:5: 764 daAuts
     D:3: 666 daAuts
     D:2: 653 daAuts
     D:4: 600 daAuts
     D:1: 565 daAuts
  Temple: 137 daAuts
     D:6: 65 daAuts
